 Dungeon Crawl Stone Soup version 0.29.0-7-g18a832c13a (webtiles) character file.

Game seed: 7216702813321500157

3130 Arcadio the Covert (level 9, -1/68 HPs)
             Began as a Naga Ice Elementalist on Sept 1, 2022.
             Was a Believer of Cheibriados.
             Killed from afar by a gargoyle (6 damage)
             ... with a stone arrow
             ... in a bailey.
             The game lasted 00:22:00 (9473 turns).

Arcadio the Covert (Naga Ice Elementalist)          Turns: 9473, Time: 00:22:00

Health: -1/68      AC: 10    Str: 16    XL:     9   Next: 92%
Magic:  9/18       EV: 26    Int: 23    God:    Cheibriados [**....]
Gold:   418        SH:  0    Dex: 19    Spells: 6/21 levels left

rFire   . . .      SeeInvis +   B - +5 rapier of the King {vorpal, rElec Dex+4 Stlth+}
rCold   . . .      Faith    .   (no shield)
rNeg    . . .      Spirit   .   E - +2 robe {Will+}
rPois   +          Reflect  .   (no helmet)
rElec   +          Harm     .   (no cloak)
rCorr   .          Rampage  .   (no gloves)
Will    +++..                   p - +0 barding
Stlth   ++++++....              i - amulet of the acrobat
HPRegen 0.21/turn               w - +4 ring of slaying
MPRegen 0.16/turn               o - ring of willpower

@: acrobatic, very slow
A: AC +3, large, see invisible, deformed body, poison resistance, slowness 2,
spit poison 1, naga tail 1
a: Spit Poison, Renounce Religion, Bend Time


You were in a bailey.
You worshipped Cheibriados.
Cheibriados was pleased with you.
You visited 2 branches of the dungeon, and saw 9 of its levels.
You also visited: Bailey.

You collected 418 gold pieces.

Inventory:

Hand Weapons
 d - a +1 dagger of electrocution
 A - a +0 dagger of venom
 B - the +5 rapier of the King (weapon) {vorpal, rElec Dex+4 Stlth+}
   (You found it on level 5 of the Dungeon)

   It inflicts extra damage upon your enemies.
   Dex:       It affects your dexterity (+4).
   rElec:     It insulates you from electricity.
   Stlth:     It makes you more stealthy.
Missiles
 x - a throwing net
Armour
 a - a +0 robe
 m - a +0 leather armour
 p - a +0 barding (worn)
 E - a +2 robe of willpower (worn)
Jewellery
 h - a ring of positive energy
 i - an amulet of the acrobat (around neck)
 o - a ring of willpower (right hand)
 w - a +4 ring of slaying (left hand)
Wands
 z - a wand of iceblast (18)
 D - a wand of mindburst (19)
 K - a wand of paralysis (7)
Scrolls
 c - 2 scrolls of brand weapon
 e - a scroll of identify
 j - 6 scrolls of teleportation {unknown}
 t - a scroll of noise {unknown}
 u - 2 scrolls of enchant weapon
 v - a scroll of acquirement {unknown}
 y - a scroll of amnesia
 C - a scroll of torment {unknown}
 H - a scroll of poison
 J - a scroll of fear {unknown}
Potions
 b - 4 potions of magic
 f - a potion of might
 g - a potion of flight
 k - 3 potions of haste
 l - 2 potions of lignification
 q - 2 potions of brilliance
 F - a potion of berserk rage
 G - 2 potions of degeneration {unknown}


   Skills:
 + Level 5.3 Dodging
 + Level 11.2 Stealth
 + Level 6.6 Spellcasting
 + Level 8.1 Ice Magic


You had 6 spell levels left.
You knew the following spells:

 Your Spells              Type           Power      Damage    Failure   Level
a - Freeze                Ice            100%       1d11      1%          1
b - Frozen Ramparts       Ice            90%        1d14      1%          3
c - Ozocubu's Armour      Ice            45%        N/A       1%          3
d - Hailstorm             Conj/Ice       26%        3d7       16%         4
e - Ice Form              Ice/Tmut       26%        N/A       16%         4

Your spell library contained the following spells:

 Spells                   Type           Power      Damage    Failure   Level
 Necrotise                Necr           28%        1d5       9%          1
 Slow                     Hex            28%        N/A       9%          1
 Sting                    Tmut/Pois      28%        1d4       9%          1
 Call Imp                 Summ           7%         N/A       12%         2
 Poisonous Vapours        Pois/Air       14%        N/A       12%         2
 Scorch                   Fire           14%        2d5       12%         2
 Confusing Touch          Hex            7%         N/A       24%         3
 Vampiric Draining        Necr           7%         2d6       24%         3
 Flame Wave               Conj/Fire      7%         2d5       63%         4
 Olgreb's Toxic Radiance  Pois           7%         N/A       63%         4
 Agony                    Necr           7%         N/A       92%         5
 Summon Cactus Giant      Summ           3%         N/A       100%        6
 Dragon's Call            Summ           3%         N/A       100%        9


Dungeon Overview and Level Annotations

Branches:
Dungeon (8/15) Zot: 40222  Temple (1/1) D:7 Zot: 8848  Bailey (1/1) Zot: 8002
   Lair: D:8-11

Altars:
Cheibriados
Dithmenos
Fedhas
Gozag
Hepliaklqana
Kikubaaqudgha
Makhleb
Nemelex Xobeh
Okawaru
Qazlal
Ru
Sif Muna
Trog
Uskayaw
Vehumet
Wu Jian
Xom
Yredelemnul
Zin
The Shining One

Shops:
D:3 [   D:7 [


Innate Abilities, Weirdness & Mutations

Your serpentine skin is tough. (AC +3)
You have supernaturally acute eyesight. (SInv)
Armour fits poorly on your strangely shaped body.
Your system is resistant to poisons. (rPois)
You cover ground very slowly.
You can spit poison.
You have a snake-like lower body.


Message History

The flow of time bends around you.
The gargoyle resists with some effort.
Cheibriados rebukes your butterfly.
Your butterfly seems to slow down.
The gargoyle hurls a stone arrow at you.
The stone arrow hits you.
* * * LOW HITPOINT WARNING * * *
The flow of time bends around you.
Cheibriados rebukes the gargoyle.
The gargoyle seems to slow down.
Cheibriados rebukes your butterfly.
Your butterfly seems to slow down.
The gargoyle hits you with a +1 flail of protection!
* * * LOW HITPOINT WARNING * * *
You feel better.
The gargoyle hits you but does no damage.
You see here a +0 spear.
The gargoyle barely misses your butterfly.
You see here a +0 spear.
The gargoyle hurls a stone arrow at you.
The stone arrow misses you.
You see here a +0 spear.
You swap places.
The gargoyle barely misses you.
Your butterfly is no longer moving slowly.
The gargoyle hurls a stone arrow at you.
The stone arrow misses you. The stone arrow misses your butterfly.
You swap places.
The gargoyle is no longer moving slowly.
The gargoyle hurls a stone arrow at you.
The stone arrow misses you.
Aiming: Spit Poison (1% risk of failure)
Press: ? - help, Q - select action, (/) - cycle Shift-Dir - straight line, f - gargoyle
Aim: a gargoyle, wielding a +1 flail of protection (lightly damaged, ally target, 83% to hit)
Okay, then.
Okay, then.
The gargoyle hurls a stone arrow at you.
The stone arrow hits you!
* * * LOW HITPOINT WARNING * * *
The gargoyle hurls a stone arrow at you.
The stone arrow hits you.
You die...

♣♣....#.....♣.........+
♣...8.#......♣........#
♣.....#+####..........##
♣..8..#....#...♣.......#
♣♣....#....#...♣.......#
♣♣#'##'#..#...........#
#....#..#).)........##
#....####.))#.....♣..#
#....'...@####.......#
#....'...##..##.....8#
#....#.b.#....########
#....#..9.b.b........8
####+#......#.).......
#8....##)..##++##
#######...## #........##
#8......8#


You could see a gargoyle (ally target).

Vanquished Creatures
  An unseen horror (D:7)
  Sigmund (D:5)
  Eustachio (D:4)
  Edmund (D:6)
  A water moccasin (D:6)
  2 black bears (D:5)
  A sky beast (D:7)
  An ogre (D:4)
  A phantom (D:6)
  Blork the orc (D:4)
  A bullfrog (D:7)
  3 scorpions
  4 killer bees (D:8)
  7 wolf zombies (Bailey)
  7 vampire bats (Bailey)
  A gnoll bouda (D:5)
  6 hounds
  4 jellies
  Crazy Yiuf (D:4)
  4 orc priests
  2 iguanas
  Ijyb (D:4)
  2 orc wizards
  3 gnolls (D:5)
  10 adders
  A shadow imp (D:6)
  3 white imps
  2 ufetubi
  4 worms
  2 dart slugs
  11 orcs
  5 ball pythons
  3 endoplasms
  4 giant cockroaches
  7 goblins
  4 hobgoblins
  6 jackals
  10 kobolds
  5 quokkas
  3 bats
  A frilled lizard (D:3)
  10 orc zombies (Bailey)
  4 rats
152 creatures vanquished.

Vanquished Creatures (others)
  17 plants (D:8)
17 creatures vanquished.

Grand Total: 169 creatures vanquished

Notes
Turn   | Place    | Note
-------+----------+-------------------------------------------
     0 | D:1      | Arcadio the Naga Ice Elementalist began the quest for the
                  | Orb.
     0 | D:1      | Reached XP level 1. HP: 15/15 MP: 3/3
   494 | D:1      | Reached XP level 2. HP: 18/22 MP: 0/5
  1638 | D:2      | Reached XP level 3. HP: 28/28 MP: 6/6
  1642 | D:2      | Learned a level 3 spell: Frozen Ramparts
  1657 | D:2      | Reached skill level 4 in Stealth
  1750 | D:2      | Got the Catalogue of Creative Cold
  1765 | D:2      | Learned a level 3 spell: Ozocubu's Armour
  2431 | D:3      | Reached XP level 4. HP: 30/36 MP: 1/8
  2507 | D:3      | Found Xahiquyp's Armour Shop.
  2895 | D:3      | Found a faded altar of an unknown god.
  2918 | D:3      | Reached skill level 5 in Stealth
  2926 | D:3      | Reached XP level 5. HP: 24/42 MP: 4/9
  3193 | D:3      | Found a bloodstained altar of Trog.
  3722 | D:4      | Noticed Blork the orc
  3729 | D:4      | Found a shimmering blue altar of Sif Muna.
  3748 | D:4      | Killed Blork the orc
  3749 | D:4      | Reached skill level 5 in Ice Magic
  3806 | D:4      | Found an ancient bone altar of Kikubaaqudgha.
  3893 | D:4      | Reached XP level 6. HP: 49/49 MP: 11/11
  3940 | D:4      | Noticed Ijyb
  3953 | D:4      | Killed Ijyb
  3954 | D:4      | Reached skill level 6 in Stealth
  4262 | D:4      | Noticed Eustachio
  4270 | D:4      | Killed Eustachio
  4271 | D:4      | Reached XP level 7. HP: 50/55 MP: 5/13
  4524 | D:4      | Found a runed translucent door.
  4525 | D:4      | Noticed Crazy Yiuf
  4534 | D:4      | Killed Crazy Yiuf
  4649 | D:5      | Entered Level 5 of the Dungeon
  4660 | D:5      | Reached skill level 7 in Stealth
  5058 | D:5      | Identified the +5 rapier of the King {vorpal, rElec Dex+4
                  | Stlth+}
  5226 | D:5      | Noticed Sigmund
  5379 | D:5      | Reached XP level 8. HP: 43/62 MP: 5/14
  5594 | D:5      | Learned a level 4 spell: Hailstorm
  5599 | D:5      | Learned a level 4 spell: Ice Form
  5606 | D:5      | Reached skill level 8 in Stealth
  5718 | D:5      | Killed Sigmund
  5719 | D:5      | Reached skill level 5 in Spellcasting
  6808 | D:6      | Reached skill level 9 in Stealth
  7015 | D:6      | Noticed Edmund
  7032 | D:6      | Killed Edmund
  7253 | D:6      | Reached XP level 9. HP: 53/68 MP: 13/17
  7949 | D:7      | Found a snail-covered altar of Cheibriados.
  7958 | D:7      | Became a worshipper of Cheibriados the Contemplative
  8121 | D:7      | Reached skill level 10 in Stealth
  8154 | D:7      | Found a glowing silver altar of Zin.
  8174 | D:7      | Found Defueruo's Antique Armour Shop.
  8216 | D:7      | Found a staircase to the Ecumenical Temple.
  8222 | Temple   | Entered the Ecumenical Temple
  8381 | D:7      | Noticed an unseen horror
  8388 | D:7      | Killed an unseen horror
  8441 | D:8      | Noticed a two-headed ogre
  8477 | D:8      | Found a blossoming altar of Fedhas.
  8573 | D:8      | Reached * piety under Cheibriados
  8578 | D:8      | Found a flagged portal.
  8585 | Bailey   | Entered a bailey
  8875 | Bailey   | Reached skill level 5 in Dodging
  9055 | Bailey   | Reached skill level 11 in Stealth
  9070 | Bailey   | Reached ** piety under Cheibriados
  9443 | Bailey   | Noticed a gargoyle
  9462 | Bailey   | HP: 3/68 [gargoyle/+1 flail of protection (14)]
  9473 | Bailey   | Killed from afar by a gargoyle

Illustrated notes

Levels and vault maps discovered:
D:1:      dpeg_arrival_yet_another_circle, layout_basic
D:2:      layout_loops_ring, hangedman_decor_points
D:3:      layout_basic, trog_hazing_becter, serial_shops, nicolae_diamond_shop,
          shapermc_ecumenical_altar_mp_highgroup, nicolae_elevator_lobby_plus
D:4:      layout_basic, tgw_sif, mainiacjoe_overflow_boulevard,
          uniq_crazy_yiuf_cottage, uniq_eustachio, uniq_ijyb, uniq_blork_the_orc
D:5:      layout_layer_cave, nicolae_elevator_lobby_asterisk, uniq_sigmund
D:6:      layout_basic, uniq_edmund
D:7:      layout_cave_pools, slow_altar_1, zin_statuary, temple_green,
          serial_shops, shop
D:8:      layout_rooms, fedhas_bush_and_centaur_altar, enter_bailey_2,
          serial_bayou_lagoon_b
Temple:   compressed_dpeg_circular_temple
Bailey:   bailey_polearm_vampire_castle_hellmonk, bailey

Skill      XL: |  1  2  3  4  5  6  7  8  9 |
---------------+----------------------------+-----
Stealth        | 4 5 6 7 9 11 | 11.2
Spellcasting   | 3 4 5 6 |  6.6
Ice Magic      | 5 6 7 8 |  8.1
Dodging        | 2 3 4 5 |  5.3

Action                   |  1- 3 |  4- 6 |  7- 9 || total
-------------------------+-------+-------+-------++-------
Melee: Dagger            |    42 |    67 |    13 ||   122
       Rapier            |       |       |   149 ||   149
       Punch             |       |       |     5 ||     5
 Cast: Freeze            |    33 |     6 |    15 ||    54
       Frozen Ramparts   |       |     8 |    15 ||    23
       Ozocubu's Armour  |       |     3 |    11 ||    14
Invok: Bend Time         |       |       |     3 ||     3
 Abil: Spit Poison       |     3 |     7 |     5 ||    15
Evoke: Wand              |       |     2 |       ||     2
  Use: Scroll            |     1 |     5 |    10 ||    16
       Potion            |       |       |     1 ||     1
 Stab: Sleeping          |     5 |     2 |    15 ||    22
       Distracted        |       |     1 |       ||     1
Armor: Robe              |    16 |    39 |    99 ||   154
Dodge: Dodged            |    21 |    41 |   143 ||   205
